Map: Washout LE

Players

LetaleX

  • Race: Protoss Protoss
  • League: Grandmaster
  • Spawn Location: 1:00

Mixu - Winner!

  • Race: Zerg Zerg
  • League: Grandmaster
  • Spawn Location: 7:00

Event: HomeStory Cup XXIX

VOD

Have the link to the VOD?

Description

Time

  • Played on: July 4, 2026, 2:34 p.m.
  • Length: 9:21

All games in this series

Show
View Real Time Build Order
Export as new Build Order

LetaleX Protoss 

Build Orders: Archon Immortal, Archon Drop, Dark Templar Rush 

Get SALT Encoding   

  8  0:00  Probe (Chrono Boost)  
  9  0:12  Probe (Chrono Boost)  
  10  0:18  Probe (Chrono Boost)  
  11  0:26  Probe  
  12  0:34  Pylon  
  12  0:38  Probe  
  13  0:52  Probe  
  13  0:56  Gateway  
  14  1:04  Probe (Chrono Boost)  
  15  1:10  Assimilator  
  15  1:16  Probe (Chrono Boost)  
  16  1:21  Probe (Chrono Boost)  
  17  1:30  Probe  
  18  1:47  Nexus  
  18  1:57  Cybernetics Core  
  19  2:01  Probe  
  19  2:07  Assimilator  
  19  2:13  Probe  
  20  2:19  Pylon  
  20  2:25  Probe (Chrono Boost)  
  21  2:35  Warp Gate  
  21  2:36  Adept  
  24  2:37  Probe (Chrono Boost)  
  24  2:45  Probe (Chrono Boost)  
  25  2:53  Probe (Chrono Boost)  
  25  2:54  Twilight Council  
  26  2:59  Probe (Chrono Boost)  
  28  3:08  Probe (Chrono Boost)  
  28  3:09  Stalker  
  28  3:10  Probe (Chrono Boost)  
  31  3:16  Probe (Chrono Boost)  
  31  3:19  Probe (Chrono Boost)  
  33  3:22  Probe (Chrono Boost)  
  34  3:28  Probe  
  34  3:32  Robotics Facility  
  34  3:33  Probe  
  36  3:40  Probe  
  37  3:42  Assimilator  
  37  3:45  Probe  
  38  3:51  Dark Shrine  
  38  3:52  Probe  
  39  3:58  Probe  
  39  4:02  Gateway  
  40  4:11  Gateway x2  
  40  4:15  Warp Prism (Chrono Boost)  
  40  4:21  Pylon  
  42  4:26  Assimilator  
  42  4:36  Pylon  
  42  4:39  Probe (Chrono Boost)  
  42  4:45  Probe (Chrono Boost)  
  44  4:49  Probe (Chrono Boost)  
  46  4:53  Probe (Chrono Boost), Pylon  
  46  4:54  Probe (Chrono Boost)  
  47  5:03  Probe  
  47  5:06  Probe  
  49  5:09  Dark Templar x4  
  57  5:16  Probe  
  57  5:18  Probe, Pylon  
  59  5:27  Observer (Chrono Boost)  
  59  5:28  Probe  
  61  5:38  Archon  
  61  5:39  Archon  
  61  5:42  Probe  
  62  5:43  Immortal (Chrono Boost)  
  62  5:47  Forge  
  62  5:48  Probe  
  67  5:53  Pylon, Nexus  
  67  6:03  Probe  
  68  6:05  Pylon  
  68  6:09  Immortal (Chrono Boost)  
  68  6:10  Zealot x2  
  70  6:11  Sentry  
  70  6:14  Sentry  
  77  6:19  Probe  
  78  6:26  Probe  
  78  6:28  Protoss Ground Weapons Level 1 (Chrono Boost)  
  76  6:32  Charge  
  76  6:34  Immortal  
  76  6:40  Nexus  
  76  6:43  Pylon  
  76  6:44  Probe  
  81  7:00  Probe  
  82  7:03  Pylon  
  82  7:04  Sentry x2, Zealot x2  
  82  7:06  Probe  
  91  7:13  Probe, Immortal  
  91  7:14  Pylon  
  96  7:22  Gateway  
  96  7:24  Gateway  
  96  7:29  Pylon  
  96  7:32  Sentry x2, Stalker  
  96  7:33  Stalker  
  104  7:40  Probe  
  104  7:51  Probe  
  104  7:54  Probe, Zealot  
  104  7:55  Zealot  
  104  7:56  Adept  
  113  7:58  Probe  
  113  8:04  Gateway  
  113  8:05  Gateway  
  113  8:06  Probe  
  113  8:09  Zealot  
  114  8:17  Stalker x2  
  104  8:23  Sentry  
  96  8:30  Probe  
  96  8:33  Probe, Zealot x2  
  96  8:35  Probe  
  97  8:41  Sentry x2  
  97  8:42  Sentry x2, Probe  
  97  8:45  Probe, Assimilator  
  97  8:46  Assimilator  
  97  8:47  Probe  
  108  8:58  Stalker x2  
  108  9:01  Probe  
  111  9:04  Zealot x4  
Show
View Real Time Build Order
Export as new Build Order

Mixu Zerg - Winner!

Build Orders: Hatch First 

Get SALT Encoding   

  8  0:00  Drone  
  9  0:10  Drone  
  10  0:16  Drone  
  11  0:21  Drone  
  12  0:32  Overlord  
  12  0:39  Extractor, Drone  
  13  0:51  Drone x2  
  15  1:00  Drone  
  16  1:15  Hatchery  
  16  1:18  Drone  
  16  1:21  Drone  
  17  1:30  Drone  
  17  1:32  Extractor  
  17  1:41  Spawning Pool  
  17  1:45  Drone  
  17  1:50  Drone  
  18  1:59  Drone  
  19  2:10  Drone  
  20  2:23  Overlord  
  20  2:31  Queen x2  
  24  2:41  Zergling x4  
  24  2:42  Drone x2  
  24  2:44  Metabolic Boost  
  28  2:47  Drone  
  28  2:51  Drone  
  30  2:56  Drone  
  31  3:04  Drone  
  32  3:13  Hatchery  
  32  3:16  Overlord  
  31  3:20  Drone  
  32  3:34  Queen  
  32  3:36  Drone x3  
  32  3:38  Drone x2  
  32  3:39  Drone  
  40  3:43  Overlord  
  40  3:45  Extractor x2, Drone  
  40  3:47  Drone  
  42  4:04  Drone x2  
  42  4:06  Drone x3  
  47  4:10  Roach Warren  
  47  4:12  Overlord  
  47  4:15  Drone  
  47  4:16  Drone  
  48  4:17  Extractor  
  48  4:18  Drone, Overlord  
  48  4:27  Drone, Overlord  
  48  4:31  Spore Crawler, Zergling x6  
  51  4:37  Zergling x4  
  51  4:38  Spore Crawler  
  52  4:41  Overlord  
  52  4:50  Roach x4  
  60  4:54  Zergling x8  
  60  4:57  Spore Crawler  
  60  4:59  Lair  
  63  5:10  Drone x6  
  68  5:15  Roach x2  
  68  5:17  Overlord  
  72  5:23  Drone x3  
  75  5:30  Drone x5  
  75  5:35  Overlord  
  80  5:36  Drone x2  
  80  5:40  Evolution Chamber  
  80  5:45  Overlord  
  80  5:55  Roach x3  
  80  5:56  Roach  
  88  5:58  Roach  
  88  6:02  Overlord  
  89  6:07  Drone x6  
  89  6:09  Glial Reconstitution, Zerg Missile Weapons Level 1  
  95  6:12  Overlord  
  95  6:16  Roach  
  95  6:17  Roach  
  99  6:20  Overseer, Overlord  
  99  6:21  Drone x4  
  99  6:28  Zergling x6  
  100  6:33  Extractor  
  100  6:34  Extractor, Roach x3, Zergling x2  
  100  6:35  Zergling x10  
  108  6:41  Extractor  
  108  6:42  Queen  
  109  6:47  Roach x2  
  113  6:55  Roach x2  
  113  6:57  Roach  
  113  6:58  Overlord  
  118  7:06  Roach x2  
  122  7:09  Overlord  
  122  7:13  Roach x3  
  122  7:14  Overlord x2  
  126  7:18  Roach x2  
  126  7:19  Queen  
  126  7:22  Drone  
  130  7:28  Roach x2, Ravager  
  131  7:32  Zergling x6  
  131  7:35  Extractor  
  131  7:36  Hatchery  
  132  7:38  Roach  
  132  7:41  Ravager  
  135  7:44  Roach x2  
  135  7:48  Roach  
  135  7:49  Ravager  
  142  7:52  Zergling x2, Roach x3  
  142  7:55  Zergling x14  
  156  8:00  Overlord  
  156  8:04  Zergling x4  
  157  8:08  Baneling Nest  
  157  8:09  Ravager x2  
  157  8:17  Roach x3  
  150  8:21  Roach  
  150  8:23  Roach x6  
  150  8:32  Roach x5  
  156  8:41  Roach x2  
  156  8:47  Roach x2  
  164  8:51  Roach  
  164  8:59  Roach x2  
  159  9:07  Overseer  
  159  9:08  Overseer x3  
Tags
 
Add a new tag
Caveats
  • Supply blocks, unpowered buildings, or Contaminate may cause inaccurate times.
  • Supply counts are checked every 10 seconds.